 Dungeon Crawl Stone Soup version 0.30-a0-1074-g5db6f66fbb (webtiles) character file.

Game seed: 8113545549982144501

787522 OrthodoxDeviant the Conqueror (level 27, -5/273 HPs)
             Began as a Ghoul Gladiator on Apr 11, 2023.
             Was the Champion of Makhleb.
             Killed from afar by a shard shrike (6 damage)
             ... with a shard of ice
             ... in the Vestibule of Hell on Apr 14, 2023.
             The game lasted 06:01:26 (103758 turns).

OrthodoxDeviant the Conqueror (Ghoul Gladiator)   Turns: 103758, Time: 06:01:26

Health: -5/273     AC: 49    Str: 31 (32) XL:     27
Magic:  14/37      EV:  2    Int:  8      God:    Makhleb [******]
Gold:   3353       SH:  0    Dex:  0 (6)  Spells: 8/26 levels left

rFire   + + +      SeeInvis .    n - +6 executioner's axe (protect)
rCold   + + .      Faith    .    (shield currently unavailable)
rNeg    + + +      Spirit   .    R - +5 gold dragon scales
rPois   ∞          Reflect  +    d - +1 helmet "Odafeb" {Str+2 Dex-4 Slay+3}
rElec   +          Rampage  .    y - +1 cloak of Starlight {*Dazzle EV+4 Stlth--}
rCorr   .                        A - +2 pair of gloves of Vanity {+Inv rElec}
Will    ++++.                    r - +1 pair of boots of Instinct {rElec rF+ Will- Int+3} Stlth
                                 a - amulet "Reiwuol" {Reflect rPois Will+ SH+5}
HPRegen 0.00/turn                b - ring "Xivomm" {rF+ EV+5 Stlth+}
MPRegen 0.25/turn                T - ring of Dompetoc {Will++ EV+5}

@: about to teleport, under a protective aura, inhibited regen, slowed, lost
dexterity, studying Ice Magic, very slow
A: claws 1, cold resistance 1, negative energy resistance 3, inhibited
regeneration, torment resistance 2, devour on kill
}: 5/15 runes: decaying, serpentine, slimy, silver, abyssal
a: Renounce Religion, Evoke Invisibility, Minor Destruction, Lesser Servant of
Makhleb, Major Destruction, Greater Servant of Makhleb


You were in the Vestibule of Hell.
You worshipped Makhleb.
Makhleb was exalted by your worship.
You visited 18 branches of the dungeon, and saw 70 of its levels.
You visited the Abyss 5 times.
You visited 1 bazaar.
You also visited: Trove, Sewer and Wizlab.

You collected 7847 gold pieces.
You spent 4494 gold pieces at shops.

Inventory:

Hand Weapons
 m - the +10 halberd "Fopn" {antimagic, rC++}
   (You bought it in a shop on level 4 of the Dungeon)

   rC:        It greatly protects you from cold.
 n - a +6 executioner's axe of protection (weapon)
 w - the +9 glaive of Etateunuch {venom, rElec Str+4}
   (Okawaru gifted it to you on level 3 of the Elven Halls)

   Str:       It affects your strength (+4).
   rElec:     It insulates you from electricity.
 F - the +8 trident of the Octopus King {venom, rElec rPois}
   (You found it on level 4 of the Dungeon)

   rElec:     It insulates you from electricity.
   rPois:     It protects you from poison.
 S - a +2 vampiric battleaxe
Missiles
 e - 14 javelins
 j - 2 silver boomerangs
 k - 2 throwing nets
 z - 2 silver javelins
 Q - 4 boomerangs of dispersal (quivered)
Armour
 d - the +1 helmet "Odafeb" (worn) {Str+2 Dex-4 Slay+3}
   (Okawaru gifted it to you on level 2 of the Orcish Mines)

   Str:       It affects your strength (+2).
   Dex:       It affects your dexterity (-4).
   Slay:      It affects your accuracy & damage with ranged weapons and melee
   (+3).
 f - a +2 pair of boots of flying
 r - the +1 pair of boots of Instinct (worn) {rElec rF+ Will- Int+3}
   (Okawaru gifted it to you on level 2 of the Depths)

   Int:       It affects your intelligence (+3).
   rF:        It protects you from fire.
   rElec:     It insulates you from electricity.
   Will:      It decreases your willpower.
 y - the +1 cloak of Starlight (worn) {*Dazzle EV+4 Stlth--}
   (You bought it in a shop on level 1 of the Depths)

   *Dazzle:   It may blind those who miss an attack against the wearer in melee
   combat.
   EV:        It affects your evasion (+4).
   Stlth:     It makes you much less stealthy.
 A - the +2 pair of gloves of Vanity (worn) {+Inv rElec}
   (Okawaru gifted it to you on level 14 of the Dungeon)

   rElec:     It insulates you from electricity.
   +Inv:      It lets you turn invisible.
 I - the +15 Maxwell's patent armour {-Cast -Tele rElec Will+ rCorr}
   (You acquired it on level 1 of the Elven Halls)

   rElec:     It insulates you from electricity.
   -Cast:     It prevents spellcasting.
   -Tele:     It prevents most forms of teleportation.
   rCorr:     It protects you from acid and corrosion.
   Will:      It increases your willpower.
 L - the +3 pair of boots of Kurchaps {Fly rF+ Dex-4}
   (Okawaru gifted it to you on level 5 of the Vaults)

   Dex:       It affects your dexterity (-4).
   rF:        It protects you from fire.
   Fly:       It grants you flight.
 R - +5 gold dragon scales (worn)
 W - the +7 chain mail "Cuczorer" {rElec rCorr Str+7 Dex-2}
   (You bought it in a shop in a bazaar)

   Str:       It affects your strength (+7).
   Dex:       It affects your dexterity (-2).
   rElec:     It insulates you from electricity.
   rCorr:     It protects you from acid and corrosion.
Jewellery
 a - the amulet "Reiwuol" (around neck) {Reflect rPois Will+ SH+5}
   (You took it off a deep elf zephyrmancer on level 3 of the Elven Halls)

   [amulet of reflection]

   It reflects blocked missile attacks.
   rPois:     It protects you from poison.
   SH:        It affects your SH (+5).
   Will:      It increases your willpower.
 b - the ring "Xivomm" (left hand) {rF+ EV+5 Stlth+}
   (You acquired it on level 3 of the Elven Halls)

   [ring of evasion]

   EV:        It affects your evasion (+5).
   rF:        It protects you from fire.
   Stlth:     It makes you more stealthy.
 c - the ring "Rumoetz" {Fly rC+ Dex+4 Stlth+}
   (You found it on level 3 of the Vaults)

   [ring of flight]

   Dex:       It affects your dexterity (+4).
   rC:        It protects you from cold.
   Fly:       It grants you flight.
   Stlth:     It makes you more stealthy.
 x - the amulet of Vishuor {Fly rF+++ Regen+ Str+4 Int-5}
   (You found it on level 3 of the Crypt)

   [amulet of regeneration]

   Str:       It affects your strength (+4).
   Int:       It affects your intelligence (-5).
   rF:        It renders you almost immune to fire.
   Fly:       It grants you flight.
   Regen:     It increases your rate of health regeneration.
 H - the ring "Arautaic" {rF+ Will+++ MP+9 Dex-3 Stlth+}
   (You took it off a deep elf blademaster on level 3 of the Elven Halls)

   [ring of protection from fire]

   Dex:       It affects your dexterity (-3).
   rF:        It protects you from fire.
   MP:        It affects your magic capacity (+9).
   Will:      It greatly increases your willpower.
   Stlth:     It makes you more stealthy.
 T - the ring of Dompetoc (right hand) {Will++ EV+5}
   (You found it on level 9 of the Dungeon)

   [ring of evasion]

   EV:        It affects your evasion (+5).
   Will:      It greatly increases your willpower.
 U - the ring "Uxole" {*Corrode rPois rC+ Will+}
   (You took it off a vampire knight on level 3 of the Crypt)

   [ring of poison resistance]

   rC:        It protects you from cold.
   rPois:     It protects you from poison.
   *Corrode:  It may corrode you when you take damage.
   Will:      It increases your willpower.
 V - the ring "Lappoef" {rElec Will+ SInv}
   (You found it on level 14 of the Dungeon)

   [ring of willpower]

   rElec:     It insulates you from electricity.
   SInv:      It lets you see invisible.
   Will:      It increases your willpower.
Wands
 D - a wand of quicksilver (14)
 J - a wand of digging (19)
 M - a wand of iceblast (46)
Scrolls
 g - 6 scrolls of fear
 l - 12 scrolls of teleportation
 q - 8 scrolls of enchant weapon
 B - 4 scrolls of summoning
 C - 6 scrolls of magic mapping
 G - 6 scrolls of fog
 K - 3 scrolls of silence
 O - 2 scrolls of torment
Potions
 h - 20 potions of curing
 i - 4 potions of magic
 o - 6 potions of resistance
 p - 7 potions of might
 s - a potion of cancellation
 v - a potion of haste
 P - 2 potions of invisibility
Miscellaneous
 N - the horn of Geryon (inert)
 Z - a phantom mirror


   Skills:
 O Level 27 Fighting
 - Level 21.8(25.2) Axes
 - Level 21.7(25.1) Polearms
 - Level 12.5 Throwing
 - Level 22.1 Armour
 - Level 21.1 Dodging
 + Level 10.2 Hexes
 + Level 10.1 Air Magic
 - Level 22.0 Invocations


You had 8 spell levels left.
You knew the following spells:

 Your Spells              Type           Power      Damage    Failure   Level
a - Silence               Hex/Air        8%         N/A       82%         5
b - Apportation           Tloc           0%         N/A       98%         1
c - Blink                 Tloc           0%         N/A       99%         2
d - Passwall              Tmut/Erth      0%         N/A       99%         2
e - Summon Mana Viper     Hex/Summ       8%         N/A       100%        5
f - Portal Projectile     Hex/Tloc       16%        N/A       77%         3

Your spell library contained the following spells:

 Spells                   Type           Power      Damage    Failure   Level
 Confusing Touch          Hex            16%        N/A       16%         3
 Swiftness                Air            16%        N/A       16%         3
 Tukima's Dance           Hex            16%        N/A       16%         3
 Airstrike                Air            8%         2d(2-18)  45%         4
 Ensorcelled Hibernation  Hex/Ice        16%        N/A       54%         2
 Poisonous Vapours        Pois/Air       16%        N/A       54%         2
 Static Discharge         Conj/Air       16%        2-3/arc   54%         2
 Dazzling Flash           Conj/Hex       16%        N/A       77%         3
 Inner Flame              Hex/Fire       8%         N/A       77%         3
 Vhi's Electric Charge    Tloc/Air       16%        N/A       77%         3
 Cigotuvi's Dreadful Rot  Necr/Pois/Air  10%        N/A       78%         2
 Mephitic Cloud           Conj/Pois/Air  5%         N/A       95%         3
 Foxfire                  Conj/Fire      0%         2x1d4     98%         1
 Freeze                   Ice            0%         1d3       98%         1
 Kiss of Death            Conj/Necr      0%         2d5       98%         1
 Necrotise                Necr           0%         1d4       98%         1
 Sting                    Tmut/Pois      0%         1d3       98%         1
 Summon Small Mammal      Summ           0%         N/A       98%         1
 Lesser Beckoning         Tloc           0%         N/A       99%         2
 Momentum Strike          Conj/Tloc      0%         3d8       99%         2
 Scorch                   Fire           0%         2d5       99%         2
 Anguish                  Hex/Necr       4%         N/A       99%         4
 Fulminant Prism          Conj/Hex       4%         3d5       99%         4
 Summon Lightning Spire   Summ/Air       8%         N/A       99%         4
 Frozen Ramparts          Ice            0%         1d1       100%        3
 Gell's Gravitas          Tloc           0%         N/A       100%        3
 Hailstorm                Conj/Ice       0%         3d3       100%        3
 Ignite Poison            Fire/Tmut/Pois 0%         N/A       100%        3
 Teleport Other           Tloc           0%         N/A       100%        3
 Volatile Blastmotes      Fire/Tloc      0%         2d10      100%        3
 Dispel Undead            Necr           0%         3d6       100%        4
 Flame Wave               Conj/Fire      0%         2d4       100%        4
 Manifold Assault         Tloc           0%         N/A       100%        4
 Olgreb's Toxic Radiance  Pois           0%         N/A       100%        4
 Petrify                  Tmut/Erth      0%         N/A       100%        4
 Sticky Flame             Conj/Fire      0%         2d3       100%        4
 Agony                    Necr           0%         N/A       100%        5
 Alistair's Intoxication  Tmut/Pois      0%         N/A       100%        5
 Arcjolt                  Conj/Air       4%         1d14      100%        5
 Fireball                 Conj/Fire      0%         3d3       100%        5
 Irradiate                Conj/Tmut      0%         3d11      100%        5
 Iskenderun's Battlesphe  Conj           0%         2d6       100%        5
 Metabolic Englaciation   Hex/Ice        4%         N/A       100%        5
 Summon Forest            Summ/Tloc      0%         N/A       100%        5
 Yara's Violent Unravell  Hex/Tmut       4%         3d4       100%        5
 Conjure Ball Lightning   Conj/Air       4%         3x3d6     100%        6
 Death Channel            Necr           0%         N/A       100%        6
 Dispersal                Tloc           0%         N/A       100%        6
 Eringya's Noxious Bog    Tmut/Pois      0%         N/A       100%        6
 Iron Shot                Conj/Erth      0%         9d1       100%        6
 Plasma Beam              Fire/Air       4%         2x1d15    100%        6
 Simulacrum               Ice/Necr       0%         N/A       100%        6
 Starburst                Conj/Fire      0%         6d3       100%        6
 Summon Cactus Giant      Summ           0%         N/A       100%        6
 Enfeeble                 Hex            8%         N/A       100%        7
 Orb of Destruction       Conj           0%         9d5       100%        7
 Ozocubu's Refrigeration  Ice            0%         4d7       100%        7
 Spellforged Servitor     Conj/Summ      0%         N/A       100%        7
 Discord                  Hex            8%         N/A       100%        8
 Disjunction              Tloc           0%         N/A       100%        8
 Ignition                 Fire           0%         3d3       100%        8
 Infestation              Necr           0%         N/A       100%        8
 Lehudib's Crystal Spear  Conj/Erth      0%         10d2      100%        8
 Polar Vortex             Ice            0%         N/A       100%        9
 Sublimation of Blood     Necr           Unusable   N/A       N/A         2
 Ice Form                 Ice/Tmut       Unusable   N/A       N/A         4
 Blade Hands              Tmut           Unusable   N/A       N/A         5
 Statue Form              Tmut/Erth      Unusable   N/A       N/A         6
 Borgnjor's Revivificati  Necr           Unusable   N/A       N/A         8

Dungeon Overview and Level Annotations

Branches:
Dungeon (15/15)            Temple (1/1) D:6            Lair (5/5) D:10
  Swamp (4/4) Lair:2        Snake (4/4) Lair:3        Slime (5/5) Lair:4
    Orc (2/2) D:9             Elf (3/3) Orc:2        Vaults (5/5) D:13
  Crypt (3/3) Vaults:3       Tomb (1/3) Crypt:3      Depths (4/4) D:15
   Hell (1/1)                 Dis (2/7) Hell            Geh (3/7) Hell
    Coc (1/7) Hell            Tar (6/7) Hell            Zot (5/5) Depths:4
  Sewer (visited)          WizLab (visited)

Altars:
Ashenzari
Cheibriados
Dithmenos
Fedhas
Gozag
Hepliaklqana
Kikubaaqudgha
Makhleb
Nemelex Xobeh
Okawaru
Qazlal
Ru
Sif Muna
Trog
Uskayaw
Vehumet
Wu Jian
Xom
Yredelemnul
Jiyva
Lugonu

Shops:
D:1 :   D:2 [   D:4 :(   D:9 [   Orc:2 [?!:   Snake:2 :[*   Vaults:5 =
Depths:1 [   Depths:2 :[(=   Depths:3 :

Portals:
Hell: Depths:1 Depths:2 Depths:3 Depths:4
Abyss: Lair:5 Depths:2 Depths:3
Pandemonium: Depths:1 Depths:2 Depths:3
Ziggurat: Depths:2


Innate Abilities, Weirdness & Mutations

You are immune to poison.
You have sharp fingernails.
Your flesh is cold resistant. (rC+)
You are immune to negative energy. (rN+++)
You do not regenerate when monsters are visible.
You are immune to unholy pain and torment.
You thrive by killing the living.


Message History

The shard of ice hits you. You partially resist.
* * * LOW HITPOINT WARNING * * *
Unknown command.
Unknown command.
Unknown command.
Unknown command.
Unknown command.
Unknown command.
Okay, then.
Okay, then.
As you read the scroll of teleportation, it crumbles to dust.
You feel strangely unstable.
The shard shrike is engulfed in freezing vapours.
The shard shrike claws your blizzard demon.
The shard shrike freezes your blizzard demon!
Your blizzard demon resists.
The shard shrike claws you but does no damage.
The shard shrike is engulfed in freezing vapours.
The hell beast bites you but does no damage.
The hell beast tramples you but does no damage.
Your blizzard demon hits the shard shrike!
Your blizzard demon hits the shard shrike.
The hell beast bites you!
* * * LOW HITPOINT WARNING * * *
The hell beast tramples you but does no damage.
The shard shrike spits a shard of ice at your blizzard demon.
The shard of ice hits your blizzard demon!
Your blizzard demon partially resists.
Your blizzard demon dies!
Your blizzard demon disappears in a puff of smoke!
Okay, then.
Okay, then.
Okay, then.
Unknown command.
Unknown command.
As you read the scroll of fog, it crumbles to dust.
The scroll dissolves into smoke.
The shard shrike spits a shard of ice at you.
The shard of ice hits you. You partially resist.
You die...

..#.....~≈.≈.~.≈~.....≈#
....................≈~≈#
#.∩.#..≈..~.......≈.~≈≈#
......................≈#
..#.....~~....~~.≈...≈≈#
.........≈≈≈≈≈≈≈≈....~≈#
#.........≈≈≈..§~....~≈#
...........≈≈..2§§§b~≈≈#
............≈≈≈§@§..≈.≈#
....[........≈≈§§b≈...≈#
..............≈≈○○☼~..≈#
....[..........≈○☼°...≈#
................○○○..~≈#
.............)...°≈.~≈≈#
≈≈≈...............≈≈≈≈≈#
≈≈≈≈...............≈≈≈≈#
#####...............≈≈≈#


You could see 2 shard shrikes and a hell beast (summoned).

Vanquished Creatures
  the Royal Jelly (Slime:5)
  Dissolution (Slime:4)
  9 dread liches
  5 orbs of fire
  4 ancient liches
  The ghost of Bucoetae the Slayer, a veteran OgBe of Trog (Zot:4)
  3 royal mummies
  Sojobo (Vaults:5)
  Boris (twice) (Vaults:2 Crypt:2)
  3 Killer Klowns
  A shard shrike (Hell)
  2 curse toes
  Saint Roka (Depths:2)
  5 caustic shrikes (Hell)
  Xtahua (Vaults:3)
  Geryon (Hell)
  3 profane servitors
  15 bone dragons
  9 golden dragons
  6 Tzitzimimeh
  8 doom hounds
  2 electric golems (Zot:5)
  A Brimstone Fiend (Geh:2)
  4 hellephants
  19 tentacled monstrosities
  Zenata (Arena)
  Rupert (Lair:5)
  13 liches
  10 tainted leviathans
  3 walking earthen tomes
  25 Orb Guardians (Zot:5)
  10 deep elf blademasters
  4 Hell Sentinels
  Asterion (Depths:2)
  22 titans
  4 quicksilver dragons
  4 deep elf master archers
  4 searing wretches
  A walking frostbound tome (Zot:4)
  17 acid blobs
  9 sphinxes
  24 tentacled starspawn
  The ghost of Josuitwi the Warrior, an adept MfGl of Yredelemnul (Snake:3)
  9 ancient champions
  7 death cobs
  An Executioner (Abyss:4)
  9 tengu reavers
  15 storm dragons
  9 nagarajas
  Agnes (Snake:4)
  11 shadow dragons
  2 thorn hunters (Swamp:4)
  Donald (Snake:2)
  7 draconian monks
  8 rockslimes
  5 narguns
  25 fire giants
  15 azure jellies
  3 revenants
  22 frost giants
  A fenstrider witch (Swamp:3)
  Aizul (Snake:1)
  4 iron dragons
  3 draconian knights
  Louise (Swamp:2)
  9 deep elf sorcerers
  20 vault wardens
  A shard shrike simulacrum (Abyss:2)
  A caustic shrike zombie (Abyss:4)
  5 draconian scorchers
  5 ghost moths
  3 spectral juggernauts
  5 draconian shifters
  A spectral caustic shrike (Tar:3)
  16 ghouls
  6 balrugs
  3 deep elf elementalists
  3 curse skulls
  4 draconian annihilators
  A draconian stormcaller (Zot:3)
  2 cacodemons (Abyss:4)
  2 caustic shrike skeletons
  8 reapers
  3 juggernaut skeletons
  19 ironbound preservers
  2 spriggan defenders (Depths:3)
  33 very ugly things
  11 quicksilver oozes
  8 ironbound thunderhulks
  32 stone giants
  6 war gargoyles
  6 deep elf demonologists
  3 eleionomae
  10 putrid mouths
  8 vampire knights
  15 yellow draconians
  7 deep elf annihilators
  Nessos (Lair:5)
  2 spark wasps (Depths:3)
  6 bunyips
  14 green draconians
  2 spectral titans (Tar:2)
  10 purple draconians
  7 red draconians
  6 white draconians
  13 black draconians
  3 lorocyprocas
  15 eidola
  2 green deaths
  7 deep elf death magi
  Snorg (D:11)
  A spectral iron giant (Tar:2)
  A quicksilver dragon zombie (Depths:2)
  4 blizzard demons
  4 crystal guardians
  Josephine (Lair:4)
  18 ettins
  3 shambling mangroves
  4 iron golems
  12 yaktaur captains
  4 fire dragons
  A merfolk impaler (Depths:4)
  3 mummy priests (Tomb:1)
  23 great orbs of eyes
  An entropy weaver (Vaults:2)
  9 jiangshi
  6 rakshasas
  A spectral fenstrider witch (Tar:1)
  3 deep elf high priests
  10 spectral spriggans
  29 vault guards
  2 peacekeepers
  5 spriggan skeletons
  2 spriggan zombies
  3 spriggan air magi
  2 juggernaut simulacra
  3 salamander tyrants
  A ghost crab (Swamp:3)
  11 ice dragons
  16 hydras
  2 ogre magi (Vaults:5)
  4 death knights
  9 anacondas
  8 ironbound frosthearts
  2 stokers
  22 centaur warriors
  3 boulder beetles
  A caustic shrike simulacrum (Abyss:4)
  3 two-headed ogres
  6 deep troll shamans
  7 alligators
  51 thrashing horrors
  10 vampire magi
  2 death yaks (D:11)
  A spectral storm dragon (Tar:1)
  24 naga warriors
  24 dancing weapons
  6 spectral dire elephants
  3 deep troll earth magi
  32 hell hogs
  6 orc high priests
  2 tengu warriors
  3 shock serpents
  12 spriggan berserkers
  25 hell knights
  13 soul eaters
  21 deep elf knights
  A spectral naga (Tar:2)
  15 naga sharpshooters
  2 titan skeletons
  A skyshark (Lair:4)
  3 spectral bunyips
  Amaemon (Lair:2)
  4 shadow wraiths
  8 sun demons
  9 salamander mystics
  A golden dragon zombie (Depths:3)
  24 wretched stars
  2 spatial maelstroms
  17 iron trolls
  A death drake (Abyss:3)
  2 spectral anacondas
  A bunyip zombie (Crypt:1)
  3 sixfirhies
  61 skeletal warriors
  7 goliath frogs
  3 spriggan druids (Swamp:2)
  An iron giant zombie (Hell)
  9 glowing orange brains
  An anaconda zombie (Hell)
  A spectral iron dragon (Tar:2)
  An orb spider (shapeshifter) (Depths:2)
  55 deep trolls
  9 swamp dragons
  9 wizards
  10 naga ritualists
  A storm dragon skeleton (Hell)
  2 bunyip skeletons
  13 deep elf archers
  13 ironbound convokers
  5 bog bodies
  3 flayed ghosts
  A spark wasp zombie (Depths:2)
  2 swamp dragons (shapeshifter) (Vaults:5)
  18 necromancers
  17 phantasmal warriors
  A wolf spider zombie (D:15)
  9 orc knights
  3 anaconda skeletons
  17 mana vipers
  A spectral ice dragon (Tar:1)
  A sphinx zombie (Depths:2)
  A harpy (shapeshifter) (Lair:5)
  2 lindwurms (Vaults:1)
  A shadow dragon skeleton (Crypt:3)
  8 shining eyes
  38 deep elf pyromancers
  4 oklob plants (Lair:4)
  A stone giant zombie (Hell)
  6 worldbinders
  28 deep elf zephyrmancers
  39 ugly things
  3 manticores
  2 spectral ettins
  An orc sorcerer (D:15)
  8 will-o-the-wisps
  A moth of wrath (shapeshifter) (D:14)
  A salamander (shapeshifter) (Abyss:4)
  4 spectral centaurs
  21 moths of wrath
  An iron dragon skeleton (Hell)
  3 cyclopes
  17 salamanders
  9 elephants
  A sphinx skeleton (Depths:2)
  A water nymph (shapeshifter) (Lair:5)
  A frost giant skeleton (Depths:2)
  11 guardian serpents
  3 torpor snails
  8 apocalypse crabs
  3 rust devils
  17 naga magi
  59 black mambas
  A stone giant skeleton (Vaults:4)
  25 smoke demons
  21 vault sentinels
  2 unseen horrors
  5 dire elephant skeletons
  2 demonic crawlers
  5 orange demons
  4 centaur skeletons
  11 hellions
  An alligator snapping turtle zombie (Crypt:3)
  6 cane toads
  An orb spider zombie (Crypt:1)
  6 freezing wraiths
  5 tengu conjurers
  5 efreet
  A komodo dragon (shapeshifter) (D:14)
  A pale draconian zombie (Crypt:3)
  2 anaconda simulacra (Hell)
  4 kobold demonologists
  A rime drake (shapeshifter) (Lair:5)
  50 yaktaurs
  2 rime drakes
  10 tormentors
  6 komodo dragons
  2 sea snake zombies (Hell)
  A purple draconian skeleton (Crypt:3)
  3 guardian mummies (Tomb:1)
  24 ancient zymes
  A red devil (Depths:3)
  3 ice devils
  5 silent spectres
  7 trolls
  A death yak skeleton (Crypt:1)
  A shadow dragon simulacrum (Depths:3)
  A meliai (shapeshifter) (D:14)
  6 spectral harpies
  8 hellwings
  A moth of wrath zombie (Crypt:2)
  3 tyrant leeches
  A hydra skeleton (Hell)
  74 raiju
  3 harpy skeletons
  Grinder (D:3)
  11 polar bears
  17 hornets
  A hornet (shapeshifter) (D:13)
  8 dream sheep (Lair:3)
  16 blink frogs
  107 slime creatures
  53 large abominations
  An alligator zombie (Hell)
  An ettin zombie (Crypt:2)
  A spectral black mamba (Tar:1)
  3 ushabtiu (Tomb:1)
  40 yaks
  18 shadows
  10 wyverns
  A dire elephant simulacrum (Abyss:3)
  7 vampires
  28 flying skulls
  3 ettin skeletons
  170 starcursed masses
  18 ynoxinuls
  18 spriggans
  2 steam dragons
  11 water elementals
  15 wraiths
  13 fire bats
  A black mamba skeleton (Crypt:3)
  A fire elemental (Elf:2)
  4 basilisks
  18 chaos spawn
  13 neqoxecs
  A hog (D:11)
  20 golden eyes
  52 small abominations
  A naga zombie (Abyss:1)
  10 vampire mosquitoes
  4 spatial vortices
  7 wargs
  17 swamp worms
  A water nymph zombie (Crypt:2)
  44 nagas
  An acid dragon (D:13)
  Edmund (D:6)
  15 water moccasins
  2 deep troll zombies
  A two-headed ogre skeleton (Crypt:1)
  A floating eye (Slime:3)
  A glowing shapeshifter skeleton (Depths:3)
  A hell hound (Abyss:3)
  9 swamp drakes (Swamp:4)
  A cane toad skeleton (Crypt:2)
  4 black bears (D:11)
  2 sky beasts
  An ice beast (D:6)
  35 orc warriors
  A hornet zombie (Crypt:3)
  8 ogres
  9 wolves
  2 phantoms
  2 centaurs
  27 kobold brigands
  9 bullfrogs
  6 necrophages
  Blork the orc (D:6)
  An earth elemental (Abyss:3)
  A glowing shapeshifter simulacrum (Depths:3)
  7 scorpions
  A human skeleton (Vaults:4)
  19 wights
  6 troll zombies (WizLab)
  A shapeshifter zombie (Crypt:1)
  11 killer bees
  A warg skeleton (Crypt:2)
  An electric eel (Elf:3)
  A raiju skeleton (Crypt:1)
  7 howler monkeys
  9 quasits
  A basilisk zombie (Crypt:1)
  2 hounds
  3 jellies
  24 orc priests
  2 sleepcaps
  An iguana (shapeshifter) (Abyss:4)
  5 iron imps
  2 boggart zombies (D:15)
  6 iguanas
  Terence (D:3)
  A basilisk skeleton (Crypt:3)
  6 hell rats (Lair:5)
  13 orc wizards
  6 ogre zombies (WizLab)
  A hound zombie (Crypt:1)
  3 mummies (Tomb:1)
  4 gnolls (D:4)
  A steam dragon zombie (Crypt:3)
  8 adders
  8 river rats (Sewer)
  3 shadow imps
  8 white imps
  7 ufetubi
  6 dart slugs
  65 orcs
  A bat zombie (Crypt:3)
  7 endoplasms
  4 giant cockroaches
  6 goblins
  8 hobgoblins
  4 quokkas
  18 ball pythons
  6 bats
  A giant cockroach zombie (Crypt:2)
  A jackal skeleton (Crypt:2)
  32 kobolds
  A kobold zombie (Crypt:2)
  18 rats
  3 butterflies
  A creeping inferno (Geh:3)
  16 fire vortices
  5 lurking horrors
  22 starspawn tentacles
3563 creatures vanquished.

Vanquished Creatures (others)
  A tentacled monstrosity (Abyss:3)
  A titan (Zot:3)
  A fire giant (Zot:3)
  An ironbound preserver (Vaults:5)
  A very ugly thing (Depths:2)
  A red draconian (Abyss:3)
  A vault guard (Vaults:5)
  A hydra (Swamp:4)
  A dancing weapon (Zot:4)
  A thrashing horror (Abyss:4)
  A soul eater (Hell)
  A deep elf pyromancer (Elf:1)
  A fenstrider witch simulacrum (Coc:1)
  A manticore (D:14)
  An orange demon (Abyss:3)
  An unseen horror (shapeshifter) (Vaults:5)
  A yaktaur (Vaults:5)
  A hellion (Geh:1)
  4 small abominations
  4 golden eyes
  2 chaos spawn
  A large abomination (Abyss:4)
  A harpy simulacrum (Coc:1)
  An orc warrior (Elf:1)
  A human (D:4)
  A starcursed mass (Abyss:3)
  2 briar patches (Swamp:4)
  A creeping inferno (Geh:2)
  3 fire vortices
  32 foxfires
  26 fungi
  71 plants
  41 starspawn tentacles
209 creatures vanquished.

Grand Total: 3772 creatures vanquished

Notes
Turn   | Place    | Note
-------+----------+-------------------------------------------
     0 | D:1      | OrthodoxDeviant the Ghoul Gladiator began the quest for the
                  | Orb.
     0 | D:1      | Reached XP level 1. HP: 17/17 MP: 0/0
   107 | D:1      | Found Koicoolufi's Book Shoppe.
   139 | D:1      | Reached XP level 2. HP: 24/25 MP: 1/1
   586 | D:1      | Reached skill level 3 in Fighting
   672 | D:1      | Reached XP level 3. HP: 26/31 MP: 2/2
   825 | D:2      | Found Faablitann's Antique Armour Shop.
  1314 | D:3      | Reached XP level 4. HP: 33/38 MP: 3/3
  1318 | D:3      | Identified the +4 ring mail of Grottiness {rF+ rC+ Slay+2}
  1395 | D:3      | Reached skill level 4 in Fighting
  1514 | D:3      | Noticed Grinder
  1523 | D:3      | Paralysed by Grinder for 4 turns
  1532 | D:3      | Paralysed by Grinder for 5 turns
  1552 | D:3      | Paralysed by Grinder for 4 turns
  1557 | D:3      | HP: 1/40 [Grinder/puff of flame (3)]
  1558 | D:3      | Killed Grinder
  1559 | D:3      | Reached skill level 5 in Fighting
  1559 | D:3      | Reached XP level 5. HP: 2/48 MP: 4/4
  1559 | D:3      | Reached XP level 6. HP: 2/56 MP: 5/5
  1760 | D:3      | Found a radiant altar of Vehumet.
  1891 | D:3      | Noticed Terence
  1908 | D:3      | Killed Terence
  2223 | D:4      | Reached skill level 5 in Axes
  2280 | D:4      | Found the +8 trident of the Octopus King {venom, rElec
                  | rPois}
  2312 | D:4      | Found Munom's Weapon Emporium.
  2405 | D:4      | Reached XP level 7. HP: 62/62 MP: 6/6
  2467 | D:4      | Reached skill level 6 in Fighting
  2467 | D:4      | Reached skill level 1 in Polearms
  2550 | D:4      | Found an ancient bone altar of Kikubaaqudgha.
  2551 | D:4      | Noticed a human
  2554 | D:4      | Killed a human
  2857 | D:4      | Found Ucra Ynt's Book Emporium.
  2969 | D:5      | Entered Level 5 of the Dungeon
  3015 | D:5      | Reached skill level 7 in Fighting
  3031 | D:5      | Reached XP level 8. HP: 73/73 MP: 7/7
  3362 | D:5      | Found a glowing drain.
  3383 | Sewer    | Entered a sewer
  3470 | Sewer    | Reached skill level 8 in Fighting
  3927 | D:5      | Reached skill level 5 in Polearms
  4439 | D:6      | Noticed Edmund
  4445 | D:6      | Killed Edmund
  4446 | D:6      | Reached skill level 9 in Fighting
  4446 | D:6      | Reached XP level 9. HP: 71/83 MP: 8/8
  4488 | D:6      | Found a staircase to the Ecumenical Temple.
  4497 | Temple   | Entered the Ecumenical Temple
  4568 | Temple   | Became a worshipper of Warmaster Okawaru
  5108 | D:6      | Noticed Blork the orc
  5114 | D:6      | Killed Blork the orc
  5349 | D:7      | Reached * piety under Okawaru
  5496 | D:7      | Reached skill level 10 in Fighting
  5501 | D:7      | Reached skill level 1 in Invocations
  5662 | D:7      | Reached ** piety under Okawaru
  5744 | D:7      | Found a runed translucent door.
  5751 | D:7      | Identified the +5 spear of the Toadstool {freeze, rElec
                  | Str+2 Int+3 Stlth+}
  5758 | D:7      | Found a runed translucent door.
  5824 | D:7      | Reached XP level 10. HP: 87/94 MP: 10/10
  5896 | D:7      | Reached skill level 11 in Fighting
  6323 | D:8      | Noticed a two-headed ogre
  6330 | D:8      | Killed a two-headed ogre
  6406 | D:8      | Reached *** piety under Okawaru
  7130 | D:9      | Reached skill level 12 in Fighting
  7365 | D:9      | Found Ebop Qogg's Armour Shop.
  7365 | D:9      | Found a staircase to the Orcish Mines.
  7424 | D:9      | Reached **** piety under Okawaru
  7490 | D:9      | Reached XP level 11. HP: 105/105 MP: 13/13
  7499 | D:9      | Identified the ring of Dompetoc {Will++ EV+5}
  8392 | D:10     | Entered Level 10 of the Dungeon
  8408 | Orc:1    | Entered Level 1 of the Orcish Mines
  8413 | Orc:1    | Reached skill level 13 in Fighting
  8483 | D:10     | Reached ***** piety under Okawaru
  8521 | D:10     | Found a basalt altar of Yredelemnul.
  8521 | D:10     | Found an opulent altar of Gozag.
  8546 | D:10     | Reached skill level 10 in Polearms
  9013 | D:10     | Found a staircase to the Lair.
  9093 | D:10     | Found a shimmering altar of Xom.
  9216 | D:11     | Found a huge runed translucent gate.
  9216 | D:11     | Found a huge runed translucent gate.
  9216 | D:11     | Found a huge runed translucent gate.
  9216 | D:11     | Found a huge runed translucent gate.
  9216 | D:11     | Noticed a death yak
  9216 | D:11     | Noticed a death yak
  9223 | D:11     | Noticed an eight-headed hydra
  9228 | D:11     | Noticed a purple ugly thing
  9433 | D:11     | Noticed a brown ugly thing
  9468 | Lair:1   | Entered Level 1 of the Lair of Beasts
  9485 | Lair:1   | You fall into a shaft and drop 1 floor!
  9580 | Lair:2   | Received a gift from Okawaru
  9641 | Lair:2   | Noticed Amaemon
 10056 | Lair:1   | Reached skill level 14 in Fighting
 10537 | Lair:2   | Killed Amaemon
 10537 | Lair:2   | Received a gift from Okawaru
 10623 | Lair:2   | Reached XP level 12. HP: 118/118 MP: 14/14
 11036 | Lair:2   | Noticed a seven-headed hydra
 11041 | Lair:2   | Noticed a seven-headed hydra
 11045 | Lair:2   | Killed a seven-headed hydra
 11369 | Lair:2   | Killed a seven-headed hydra
 11443 | Lair:2   | Found a staircase to the Swamp.
 11596 | Lair:3   | Noticed a four-headed hydra
 11694 | Lair:3   | Noticed a five-headed hydra
 11709 | Lair:3   | Killed a five-headed hydra
 11714 | Lair:3   | Reached skill level 15 in Fighting
 12229 | Lair:3   | Identified the +6 rapier of Poisesil {vamp, rCorr Dex+3}
 12770 | Lair:3   | Found a staircase to the Snake Pit.
 12855 | Lair:3   | Killed a four-headed hydra
 12856 | Lair:3   | Reached skill level 16 in Fighting
 13241 | Lair:4   | Found a viscous altar of Jiyva.
 13241 | Lair:4   | Found a staircase to the Slime Pits.
 13379 | Lair:4   | Reached XP level 13. HP: 125/128 MP: 15/15
 13441 | Lair:4   | Reached ****** piety under Okawaru
 13441 | Lair:4   | Received a gift from Okawaru
 13888 | Lair:4   | Found a hazy altar of Hepliaklqana.
 14075 | Lair:5   | Entered Level 5 of the Lair of Beasts
 14216 | Lair:5   | Identified the +0 leather armour "Erewkateuc" {rC+ Int+4
                  | Stlth+}
 14602 | Lair:5   | Reached skill level 17 in Fighting
 14706 | Lair:5   | Received a gift from Okawaru
 14719 | Lair:5   | Noticed Josephine
 15048 | Lair:4   | Killed Josephine
 16459 | Lair:5   | Noticed Rupert
 16887 | Lair:5   | Reached XP level 14. HP: 140/141 MP: 16/16
 17043 | Lair:5   | Reached skill level 18 in Fighting
 17090 | Lair:5   | Noticed Nessos
 17573 | D:4      | Bought the +10 halberd "Fopn" {antimagic, rC++} for 865
                  | gold pieces
 17825 | D:11     | Received a gift from Okawaru
 18436 | D:11     | Reached skill level 15 in Polearms
 18616 | D:11     | Noticed Snorg
 18628 | D:11     | Killed Snorg
 19716 | D:12     | Received a gift from Okawaru
 19961 | D:12     | Reached skill level 19 in Fighting
 20773 | D:13     | Noticed an ironbound preserver
 20832 | D:13     | Killed an ironbound preserver
 21232 | D:13     | Found a gate to the Vaults.
 21572 | Lair:5   | Found a corrupted altar of Lugonu.
 21572 | Lair:5   | Found a one-way gate to the infinite horrors of the Abyss.
 21580 | Lair:5   | Got Erreihy's Almanac of Ensorcelling and Filth
 21583 | Lair:5   | Identified the +5 scimitar of Neaqoas {flame, rC+}
 21822 | Lair:5   | Killed Nessos
 21822 | Lair:5   | Received a gift from Okawaru
 22088 | Lair:5   | Killed Rupert
 22089 | Lair:5   | Reached XP level 15. HP: 154/154 MP: 4/17
 22342 | D:14     | Received a gift from Okawaru
 22351 | D:14     | Identified the ring "Lappoef" {rElec Will+ SInv}
 23850 | D:15     | Entered Level 15 of the Dungeon
 23908 | D:14     | Reached skill level 20 in Fighting
 24500 | D:15     | Received a gift from Okawaru
 24526 | D:15     | Reached skill level 1 in Armour
 25168 | D:14     | Identified the +2 pair of gloves of Vanity {+Inv rElec}
                  | (Okawaru gifted it to you on level 14 of the Dungeon)
 25168 | D:14     | Received a gift from Okawaru
 26328 | D:15     | Found a staircase to the Depths.
 26824 | Orc:2    | Entered Level 2 of the Orcish Mines
 27698 | Orc:2    | Found a staircase to the Elven Halls.
 28143 | Orc:2    | Reached skill level 5 in Dodging
 28851 | Orc:2    | Reached XP level 16. HP: 150/162 MP: 6/18
 28859 | Orc:2    | Identified the +1 helmet "Odafeb" {Str+2 Dex-4 Slay+3}
                  | (Okawaru gifted it to you on level 2 of the Orcish Mines)
 28859 | Orc:2    | Received a gift from Okawaru
 28994 | Orc:2    | Found Qeruorph's Antique Armour Shop.
 28995 | Orc:2    | Found Lehau's Distillery.
 28997 | Orc:2    | Found Sueda's Magic Scroll Boutique.
 28998 | Orc:2    | Found Esikhleyc's Book Shop.
 29003 | Orc:2    | Bought a scroll of teleportation for 45 gold pieces
 29003 | Orc:2    | Bought a scroll of enchant armour for 112 gold pieces
 29003 | Orc:2    | Bought a scroll of identify for 30 gold pieces
 29003 | Orc:2    | Bought a scroll of blinking for 112 gold pieces
 29004 | Orc:2    | Bought a scroll of identify for 30 gold pieces
 29505 | Snake:1  | Entered Level 1 of the Snake Pit
 29533 | Snake:1  | Reached skill level 5 in Armour
 29993 | Snake:1  | Noticed Aizul
 30017 | Snake:1  | Killed Aizul
 30912 | Snake:2  | Found Niushatz's Book Shoppe.
 30912 | Snake:2  | Found Ulaponen's Armour Emporium.
 30914 | Snake:2  | Found Teulok's General Store.
 30915 | Snake:2  | Noticed Donald
 31258 | Swamp:1  | Entered Level 1 of the Swamp
 31731 | Swamp:1  | Received a gift from Okawaru
 33167 | Swamp:2  | Noticed Louise
 33188 | Swamp:2  | Killed Louise
 33853 | Swamp:3  | Reached XP level 17. HP: 152/170 MP: 6/19
 34569 | Swamp:4  | Entered Level 4 of the Swamp
 35025 | Swamp:4  | Reached skill level 5 in Invocations
 35038 | Swamp:4  | Reached skill level 10 in Axes
 35457 | Swamp:4  | Noticed a tentacled monstrosity
 35704 | Swamp:4  | Killed a tentacled monstrosity
 35787 | Arena    | Entered the Arena
 36233 | Orc:2    | Bought a pair of glowing boots for 232 gold pieces
 36233 | Orc:2    | Bought a polished plate armour for 868 gold pieces
 36233 | Orc:2    | Identified the +1 plate armour of Gravitas {*Corrode rN+
                  | Str+3 Int+2} (You bought it in a shop on level 2 of the
                  | Orcish Mines)
 36778 | Snake:2  | Received a gift from Okawaru
 36966 | Snake:2  | Identified the +6 chain mail "Wodopue" {Dex+2}
 37157 | Snake:2  | Killed Donald
 37241 | Snake:2  | Found a shimmering blue altar of Sif Muna.
 37642 | Snake:2  | Reached skill level 10 in Dodging
 37849 | Snake:3  | Reached XP level 18. HP: 172/178 MP: 7/21
 38726 | Snake:3  | Reached skill level 10 in Armour
 38924 | Snake:3  | HP: 2/178 [nagaraja/+0 halberd (40)]
 39623 | Snake:3  | Found a runed translucent door.
 39623 | Snake:3  | Noticed Josuitwi's ghost (adept MfGl)
 40079 | Swamp:4  | Got a decaying rune of Zot
 40699 | Snake:4  | Entered Level 4 of the Snake Pit
 41309 | Snake:4  | Received a gift from Okawaru
 41565 | Snake:4  | Noticed Agnes
 41577 | Snake:4  | Killed Agnes
 41960 | Snake:4  | Learned a level 5 spell: Silence
 41962 | Snake:4  | Learned a level 1 spell: Apportation
 42544 | Snake:4  | Reached skill level 21 in Fighting
 42687 | Snake:4  | Reached XP level 19. HP: 170/189 MP: 0/24
 43009 | Snake:4  | Got a serpentine rune of Zot
 43789 | Elf:1    | Entered Level 1 of the Elven Halls
 43856 | Elf:1    | Identified the +0 crystal plate armour of Wariness {Regen+
                  | Int+3} (Okawaru gifted it to you on level 1 of the Elven
                  | Halls)
 43856 | Elf:1    | Received a gift from Okawaru
 44023 | Elf:1    | Got the Opusculum on Blows
 44057 | Elf:1    | Identified the +10 whip of Dissent {heavy, rF+ Str+4 Int-4
                  | SInv}
 44514 | Elf:1    | Identified a scroll of acquirement
 44528 | Elf:1    | Acquired the +15 Maxwell's patent armour {-Cast -Tele rElec
                  | Will+ rCorr}
 44528 | Elf:1    | Found the +15 Maxwell's patent armour {-Cast -Tele rElec
                  | Will+ rCorr}
 45214 | Elf:1    | Found a bloodstained altar of Trog.
 45594 | Elf:2    | Identified the +1 flail of Lanuppuh {freeze, rC+ Str+3}
 46028 | Elf:2    | Reached skill level 10 in Invocations
 46332 | Elf:2    | Found a runed translucent gate.
 46333 | Elf:2    | Found a runed translucent gate.
 46333 | Elf:2    | Found a runed translucent gate.
 46575 | Elf:2    | Reached skill level 22 in Fighting
 47716 | Elf:2    | Identified the +0 ring mail of Hulodoul {Regen+ rCorr Str-3
                  | SInv} (Okawaru gifted it to you on level 2 of the Elven
                  | Halls)
 47716 | Elf:2    | Received a gift from Okawaru
 48280 | Elf:3    | Entered Level 3 of the Elven Halls
 48841 | Elf:3    | Reached XP level 20. HP: 202/202 MP: 8/26
 49139 | Elf:3    | Noticed a Brimstone Fiend
 49432 | Elf:3    | Identified the +4 broad axe "Gayr" {speed, Int+2 Stlth+}
 49593 | Elf:3    | Identified the +12 great mace of Kiaha {heavy, Fragile rC+
                  | rN++ Str+5}
 49593 | Elf:3    | Identified the amulet "Reiwuol" {Reflect rPois Will+ SH+5}
 49629 | Elf:3    | Identified the +3 quarterstaff "Lirhelar" {freeze, rC+}
 50050 | Elf:3    | Acquired the ring "Xivomm" {rF+ EV+5 Stlth+}
 50284 | Elf:3    | Reached skill level 15 in Axes
 50409 | Elf:3    | Identified the +0 ring mail of the Parsimonious God {rPois
                  | Slay+2 Stlth-}
 50418 | Elf:3    | Reached skill level 23 in Fighting
 50766 | Elf:3    | Identified the ring "Arautaic" {rF+ Will+++ MP+9 Dex-3
                  | Stlth+}
 50791 | Elf:3    | Identified the +9 glaive of Etateunuch {venom, rElec Str+4}
                  | (Okawaru gifted it to you on level 3 of the Elven Halls)
 50791 | Elf:3    | Received a gift from Okawaru
 51139 | Elf:3    | Identified the +1 arbalest of Waffoan {flame, *Corrode
                  | Str+5}
 51230 | Elf:3    | Identified the staff of poison "Lufaza" {rPois Int+3 SInv}
 51239 | Elf:3    | Identified the +11 shortbow "Akiur" {freeze, rC+ rN++ MP-9}
 51247 | Elf:3    | Identified the +2 ring mail "Ymaikla" {Regen+ Dex+3}
 51249 | Elf:3    | Identified the staff of cold "Buozec" {rC+ MP+9 Int+6 Dex-2
                  | Stlth+}
 51634 | Vaults:1 | Entered Level 1 of the Vaults
 52134 | Vaults:1 | You are sucked into a shaft and drop 1 floor!
 52592 | Vaults:2 | Received a gift from Okawaru
 53019 | Vaults:2 | Reached XP level 21. HP: 204/213 MP: 27/27
 53138 | Vaults:2 | Reached skill level 24 in Fighting
 53380 | Vaults:2 | Identified the +1 quarterstaff of Exhibitionism {flame, rC+
                  | MP+9 Dex+3}
 53600 | Vaults:2 | Received a gift from Okawaru
 54446 | Vaults:1 | Noticed Zenata
 54451 | Arena    | Entered the Arena
 54462 | Arena    | Killed Zenata
 54772 | Vaults:1 | Found a portal to a secret trove of treasure.
 55246 | Depths:1 | Entered Level 1 of the Depths
 55246 | Depths:1 | Found a one-way gate leading to the halls of Pandemonium.
 55246 | Depths:1 | Found a gateway to Hell.
 55413 | Depths:1 | Lost intelligence.
 55526 | Depths:1 | Found Umesh's Armour Shoppe.
 55531 | Depths:1 | Bought the +1 cloak of Starlight {*Dazzle EV+4 Stlth--} for
                  | 640 gold pieces
 55531 | Depths:1 | Found the +1 cloak of Starlight {*Dazzle EV+4 Stlth--}
 55755 | Depths:1 | Reached skill level 25 in Fighting
 55766 | Depths:1 | Received a gift from Okawaru
 56215 | Vaults:1 | You paid a toll of +4 ice dragon scales to enter a treasure
                  | trove
 56216 | Trove    | Entered a treasure trove
 56261 | Trove    | Got Sif Muna's Verses on Destruction
 56271 | Trove    | Got Sif Muna's Compilation of the Traveller and the Fifth
                  | Circle
 56275 | Trove    | Learned a level 2 spell: Blink
 56282 | Trove    | Got Sif Muna's Volume of Exothermic Transformation
 56305 | Vaults:1 | Upgraded the game from 0.30-a0-1043-g60ff8d5f49 to
                  | 0.30-a0-1053-gbd8d5ba0ad
 56544 | Vaults:3 | Noticed Boris
 56578 | Vaults:2 | Killed Boris
 56724 | Vaults:3 | Identified the ring "Rumoetz" {Fly rC+ Dex+4 Stlth+}
 56814 | Vaults:3 | Received a gift from Okawaru
 57337 | Vaults:3 | Reached XP level 22. HP: 226/226 MP: 28/28
 57554 | Vaults:3 | Found a staircase to the Crypt.
 57554 | Vaults:3 | Found a basalt altar of Yredelemnul.
 57555 | Vaults:3 | Found an ancient bone altar of Kikubaaqudgha.
 57593 | Vaults:3 | Noticed Xtahua
 57601 | Vaults:3 | Killed Xtahua
 58126 | Vaults:4 | Identified the +8 hand axe of the Evil Eye {pain, *Rage
                  | +Blink rPois rCorr}
 58159 | Vaults:4 | Identified the +1 ring mail "Jympejit" {Slay+3} (Okawaru
                  | gifted it to you on level 4 of the Vaults)
 58159 | Vaults:4 | Received a gift from Okawaru
 58593 | Vaults:4 | Reached skill level 26 in Fighting
 58969 | Vaults:4 | Identified the +2 chain mail of Ruumiy {Will+ Str+3}
 59318 | Depths:1 | You are sucked into a shaft and drop 1 floor!
 59318 | Depths:2 | Found Juipp's Book Emporium.
 59415 | Depths:2 | HP: 10/229 [iron troll (11)]
 59523 | Depths:2 | Noticed Asterion
 59528 | Depths:2 | Killed Asterion
 59529 | Depths:2 | Noticed Saint Roka
 59574 | Depths:2 | Killed Saint Roka
 59734 | Depths:2 | Found a flickering gateway to a bazaar.
 59743 | Bazaar   | Entered a bazaar
 59743 | Bazaar   | Found Anuhunge's Distillery.
 59807 | Bazaar   | Found Oxawaesch's Antique Armour Shop.
 59833 | Bazaar   | Found Gygojixt's Antique Weapon Shop.
 59867 | Bazaar   | Bought a heavily runed plate armour for 420 gold pieces
 59867 | Bazaar   | Identified the +0 plate armour of Spring {Harm Dex+4
                  | Slay-4} (You bought it in a shop in a bazaar)
 59867 | Bazaar   | Bought a faintly humming chain mail for 142 gold pieces
 59867 | Bazaar   | Identified the +7 chain mail "Cuczorer" {rElec rCorr Str+7
                  | Dex-2} (You bought it in a shop in a bazaar)
 59920 | Depths:2 | Received a gift from Okawaru
 60194 | Depths:2 | Found Gaczaot's Antique Weapon Shoppe.
 60270 | Depths:2 | Found a one-way gateway to a ziggurat.
 61034 | Depths:2 | Identified the +0 robe of the Maze {rF++ rC- Str+9 Int-4}
 61182 | Depths:2 | Found Tuatiqiy's Jewellery Boutique.
 61201 | Depths:2 | Found Wiemn's Armour Boutique.
 61391 | Depths:2 | Reached XP level 23. HP: 217/238 MP: 29/29
 61734 | Depths:2 | Noticed a golden dragon
 61745 | Depths:2 | Killed a golden dragon
 61759 | Depths:2 | Found a runed translucent door.
 61760 | Depths:2 | Found a runed translucent door.
 61766 | Depths:2 | Found a runed translucent door.
 61768 | Depths:2 | Found a runed translucent door.
 61822 | Depths:2 | Reached skill level 27 in Fighting
 61826 | Depths:2 | Identified the +1 pair of boots of Instinct {rElec rF+
                  | Will- Int+3} (Okawaru gifted it to you on level 2 of the
                  | Depths)
 61826 | Depths:2 | Received a gift from Okawaru
 61919 | Depths:2 | Identified the +7 falchion of Red Wine {flame, *Noise
                  | Dex+5}
 61927 | Depths:2 | Identified the staff of earth "Qaqogyol" {rElec Will+
                  | Int+3}
 61932 | Depths:2 | Identified the ring "Uzxeatuf" {rPois rN+ Str+4 Dex+2}
 62702 | Depths:3 | Found Miulelo's Book Shoppe.
 62816 | Depths:3 | Found a sacrificial altar of Ru.
 62964 | Depths:3 | Found a corrupted altar of Lugonu.
 63112 | Depths:4 | Entered Level 4 of the Depths
 63225 | Depths:3 | Reached skill level 15 in Dodging
 63469 | Depths:3 | Identified the +8 quarterstaff of Compassion {freeze, Dex+2
                  | SInv}
 63510 | Depths:3 | Reached skill level 15 in Armour
 64093 | Depths:4 | Found a gate to the Realm of Zot.
 64238 | Depths:4 | Received a gift from Okawaru
 65169 | Slime:1  | Entered Level 1 of the Pits of Slime
 65359 | Slime:1  | Reached XP level 24. HP: 229/249 MP: 29/29
 65514 | Slime:4  | Noticed Dissolution
 65522 | Slime:4  | Killed Dissolution
 65531 | Slime:5  | Entered Level 5 of the Pits of Slime
 65603 | Slime:4  | Lost intelligence.
 65651 | Arena    | Entered the Arena
 65674 | Arena    | Entered the Arena
 65962 | Slime:4  | Lost intelligence.
 66493 | Slime:5  | Noticed the Royal Jelly
 66790 | Slime:5  | Found a viscous altar of Jiyva.
 66819 | Slime:5  | Killed the Royal Jelly
 66819 | Slime:5  | Identified the scarf "Adutops" {rC+ rF+, Drain Str+6}
                  | (Okawaru gifted it to you on level 5 of the Pits of Slime)
 66819 | Slime:5  | Received a gift from Okawaru
 66961 | Slime:5  | Identified the +0 war axe "Ishreut" {freeze, rC+ Dex+5}
 66987 | Slime:5  | Got the Writings on the Autopsy
 66996 | Slime:5  | Identified the amulet "Huats" {Reflect Harm SH+5}
 67028 | Slime:5  | Identified the +7 morningstar of Somewhere Else {antimagic,
                  | rPois Int-2 Dex+4}
 67037 | Slime:5  | Got a slimy rune of Zot
 67056 | Slime:5  | Identified the staff of cold "Nixkyr" {rC+ Will+ MP+9 Int+2
                  | Stlth+}
 67897 | Zot:1    | Entered Level 1 of the Realm of Zot
 67951 | Zot:1    | You fall into a shaft and drop 1 floor!
 69322 | Zot:2    | Noticed an orb of fire
 69368 | Zot:2    | Killed an orb of fire
 69886 | Zot:2    | Reached XP level 25. HP: 257/257 MP: 9/29
 70821 | Vaults:5 | Entered Level 5 of the Vaults
 70834 | Vaults:5 | Received a gift from Okawaru
 71062 | Vaults:5 | Noticed an ancient lich
 71084 | Vaults:4 | Killed an ancient lich
 71084 | Vaults:4 | Received a gift from Okawaru
 71520 | Vaults:5 | Found Walip's Jewellery Shop.
 71532 | Vaults:5 | Got a silver rune of Zot
 71687 | Vaults:5 | Identified the +2 morningstar "Killer Klown's Curse"
                  | {flame, Dex+2}
 71691 | Vaults:5 | Noticed Sojobo
 71704 | Vaults:5 | Killed Sojobo
 71806 | Vaults:5 | Reached XP level 26. HP: 266/266 MP: 9/29
 71852 | Vaults:5 | Identified the +10 dagger "Xajowuhu" {freeze, *Rage rElec
                  | rC++ Int+2}
 71871 | Vaults:5 | Identified the +0 scale mail "Molale" {Str+3}
 71962 | Vaults:5 | Identified the +3 pair of boots of Kurchaps {Fly rF+ Dex-4}
                  | (Okawaru gifted it to you on level 5 of the Vaults)
 71962 | Vaults:5 | Received a gift from Okawaru
 72027 | Vaults:5 | Identified the orb of the Jabberwock {mayhem, rF+}
 72679 | Temple   | Fell from the grace of Okawaru
 72679 | Temple   | Became a worshipper of Makhleb the Destroyer
 73032 | Crypt:1  | Entered Level 1 of the Crypt
 73230 | Crypt:1  | Reached * piety under Makhleb
 73290 | Crypt:1  | Found a magical portal.
 73305 | WizLab   | Entered Zonguldrok's Shrine
 73674 | WizLab   | Noticed an antique lich
 73685 | WizLab   | Killed an antique lich
 73766 | WizLab   | Found the +9 sword of Zonguldrok {reap}
 73993 | Crypt:1  | Reached ** piety under Makhleb
 74569 | Crypt:2  | Noticed Boris
 74589 | Crypt:2  | Killed Boris
 75351 | Crypt:2  | Reached *** piety under Makhleb
 75626 | Crypt:2  | Reached skill level 5 in Throwing
 75892 | Crypt:3  | Entered Level 3 of the Crypt
 75970 | Crypt:3  | Reached **** piety under Makhleb
 76293 | Crypt:3  | Identified the ring "Uxole" {*Corrode rPois rC+ Will+}
 76337 | Crypt:3  | Found a staircase to the Tomb.
 76814 | Crypt:3  | Found a basalt altar of Yredelemnul.
 76933 | Crypt:3  | Reached ***** piety under Makhleb
 77640 | Crypt:3  | Noticed an ancient lich
 77672 | Crypt:3  | Killed an ancient lich
 77787 | Crypt:3  | Reached XP level 27. HP: 273/273 MP: 30/30
 77878 | Crypt:3  | Identified the amulet of Vishuor {Fly rF+++ Regen+ Str+4
                  | Int-5}
 77878 | Crypt:3  | Identified the ring "Fuwnyri" {rElec rPois rN+ Stlth-}
 78084 | Crypt:3  | Upgraded the game from 0.30-a0-1053-gbd8d5ba0ad to
                  | 0.30-a0-1066-g63dfefce0d
 78084 | Crypt:3  | Upgraded the game from 0.30-a0-1066-g63dfefce0d to
                  | 0.30-a0-1074-g5db6f66fbb
 78716 | Hell     | Entered the Vestibule of Hell
 78718 | Hell     | Noticed Geryon
 78761 | Hell     | Killed Geryon
 78966 | Hell     | Found a gateway to the freezing wastes of Cocytus.
 79722 | Hell     | Found a gateway to the Iron City of Dis.
 80166 | Hell     | Found a gateway to the decaying netherworld of Tartarus.
 80322 | Hell     | Found a gateway to the ashen valley of Gehenna.
 80689 | Zot:3    | Noticed an orb of fire
 80710 | Zot:3    | Killed an orb of fire
 82625 | Zot:4    | Found a runed translucent door.
 82626 | Zot:4    | Found a shimmering altar of Xom.
 82626 | Zot:4    | Noticed Bucoetae's ghost (veteran OgBe)
 83458 | Zot:3    | Was forgiven by Okawaru
 83533 | Zot:4    | Reached skill level 10 in Throwing
 83589 | Zot:4    | Reached ****** piety under Makhleb
 83931 | Zot:5    | Entered Level 5 of the Realm of Zot
 84280 | Zot:5    | Found a transporter.
 84740 | Zot:5    | Found a transporter.
 84769 | Zot:5    | Found a transporter.
 84836 | Zot:5    | Found a transporter.
 85411 | Zot:5    | Noticed a dread lich
 85516 | Zot:5    | Noticed an orb of fire
 85533 | Zot:5    | Killed an orb of fire
 85652 | Zot:5    | Noticed a dread lich
 85686 | Zot:5    | Killed a dread lich
 85847 | Zot:5    | Killed a dread lich
 85913 | Zot:5    | Noticed a dread lich
 85928 | Zot:5    | Killed a dread lich
 86351 | Zot:5    | Noticed a dread lich
 86376 | Zot:5    | Killed a dread lich
 86443 | Zot:5    | Noticed an orb of fire
 86460 | Zot:5    | Killed an orb of fire
 86537 | Zot:5    | Noticed an orb of fire
 86562 | Zot:5    | Killed an orb of fire
 86946 | Zot:5    | Noticed an ancient lich
 86969 | Zot:5    | Killed an ancient lich
 87424 | Zot:4    | Killed Bucoetae's ghost
 87425 | Zot:4    | Reached skill level 15 in Invocations
 87428 | Zot:4    | Identified the staff of air "Qolatran" {rElec rC+ Stlth+}
 88010 | D:4      | Bought 2 silver boomerangs for 120 gold pieces
 88284 | Lair:5   | Voluntarily entered the Abyss.
 88853 | Abyss:2  | Noticed a dread lich
 88862 | Abyss:2  | Killed a dread lich
 89309 | Abyss:3  | Found a stormy altar of Qazlal.
 89793 | Abyss:3  | Paralysed by you for 3 turns
 89800 | Abyss:3  | Paralysed by you for 5 turns
 90468 | Abyss:3  | Paralysed by accursed screaming for 1 turns
 90677 | Abyss:3  | Paralysed by accursed screaming for 2 turns
 90688 | Abyss:3  | Paralysed by accursed screaming for 1 turns
 90708 | Abyss:3  | Paralysed by accursed screaming for 1 turns
 90733 | Abyss:3  | Paralysed by accursed screaming for 1 turns
 91177 | Abyss:3  | Paralysed by accursed screaming for 1 turns
 91548 | Abyss:4  | Found a corrupted altar of Lugonu.
 91561 | Abyss:4  | Found a corrupted altar of Lugonu.
 91573 | Abyss:4  | Found a corrupted altar of Lugonu.
 91651 | Abyss:4  | Found a corrupted altar of Lugonu.
 92050 | Abyss:4  | Found a corrupted altar of Lugonu.
 92194 | Abyss:4  | Found a corrupted altar of Lugonu.
 92304 | Abyss:4  | Found a corrupted altar of Lugonu.
 92750 | Abyss:4  | Noticed a dread lich
 92757 | Abyss:4  | Paralysed by accursed screaming for 2 turns
 92780 | Abyss:4  | Killed a dread lich
 92783 | Abyss:4  | Paralysed by accursed screaming for 1 turns
 92793 | Abyss:4  | Got an abyssal rune of Zot
 92850 | Lair:5   | Escaped the Abyss
 93355 | Tomb:1   | Entered Level 1 of the Tomb of the Ancients
 93928 | Tomb:1   | Noticed a royal mummy
 93968 | Tomb:1   | Noticed a royal mummy
 93976 | Tomb:1   | Killed a royal mummy
 93986 | Tomb:1   | Noticed a royal mummy
 94321 | Crypt:3  | Killed a royal mummy
 94407 | Tomb:1   | Killed a royal mummy
 95083 | Dis:1    | Entered Level 1 of the Iron City of Dis
 95536 | Tar:1    | Entered Level 1 of Tartarus
 95587 | Tar:1    | Reached skill level 1 in Hexes
 95587 | Tar:1    | Reached skill level 1 in Air Magic
 97183 | Tar:3    | Reached skill level 5 in Hexes
 97183 | Tar:3    | Reached skill level 5 in Air Magic
 97481 | Tar:4    | Noticed a dread lich
 97504 | Tar:4    | Killed a dread lich
 97686 | Tar:4    | Noticed a dread lich
 97699 | Tar:4    | Killed a dread lich
 98858 | Tar:4    | Lost dexterity.
 99306 | Geh:1    | Entered Level 1 of Gehenna
100958 | Depths:2 | Bought a book of the Wilderness for 570 gold pieces
100961 | Depths:2 | Learned a level 2 spell: Passwall
100967 | Depths:2 | Learned a level 5 spell: Summon Mana Viper
101325 | D:4      | Bought a book of Weapons for 308 gold pieces
101329 | D:4      | Learned a level 3 spell: Portal Projectile
101644 | Snake:3  | Killed Josuitwi's ghost
101649 | Snake:3  | Identified the +7 short sword of Nuzenyti {pain, Str+2}
101826 | Lair:5   | Voluntarily entered the Abyss.
101860 | Abyss:4  | Found a corrupted altar of Lugonu.
101988 | Abyss:4  | Paralysed by accursed screaming for 1 turns
102067 | Abyss:4  | Paralysed by accursed screaming for 1 turns
102172 | Lair:5   | Escaped the Abyss
102393 | Lair:5   | Voluntarily entered the Abyss.
102393 | Abyss:4  | Found a corrupted altar of Lugonu.
102396 | Abyss:4  | Found a corrupted altar of Lugonu.
102414 | Lair:5   | Escaped the Abyss
102573 | Lair:5   | Voluntarily entered the Abyss.
102577 | Lair:5   | Escaped the Abyss
102579 | Lair:5   | Voluntarily entered the Abyss.
102588 | Abyss:4  | Found a corrupted altar of Lugonu.
102609 | Abyss:4  | Noticed a dread lich
102628 | Abyss:4  | Killed a dread lich
102739 | Abyss:4  | Paralysed by accursed screaming for 1 turns
102741 | Abyss:4  | Paralysed by accursed screaming for 1 turns
102762 | Abyss:4  | Lost dexterity.
102767 | Abyss:4  | HP: 12/273 [wretched star/lance of force (11)]
102825 | Abyss:4  | Reached skill level 10 in Hexes
102829 | Abyss:4  | Reached skill level 10 in Air Magic
102883 | Lair:5   | Escaped the Abyss
103407 | Coc:1    | Entered Level 1 of Cocytus
103756 | Hell     | HP: 9/273 [hell beast[the player character] (10)]
103757 | Hell     | HP: 1/273 [hell beast[the player character] (7)]
103758 | Hell     | Killed from afar by a shard shrike

Illustrated notes

Levels and vault maps discovered:
D:1:      grunt_arrival_crossed_arrows, layout_basic, serial_shops, shop,
          minmay_nonomino_d4
D:2:      layout_rooms, serial_shops, nicolae_shop_crystal
D:3:      minmay_general_purpose_star, layout_basic, mainiacjoe_overflow_paths,
          uniq_grinder, uniq_terence
D:4:      layout_basic, tgw_kikubaaqudgha, serial_shops, kennysheep_mini, shop,
          nicolae_titane
D:5:      layout_basic, gup_sewer_entry_glass
D:6:      layout_loops_ring, nicolae_overflow_hidden_temple,
          minmay_temple_entry_butterflies, uniq_edmund, uniq_blork_the_orc
D:7:      lemuel_insect_pit, layout_basic
D:8:      layout_loops_ring
D:9:      layout_irregular_city, general_overflow_altar, orc_david_3
D:10:     layout_basic, xom_teletrap_fun, mainiacjoe_overflow_catwalk_spiral,
          grunt_lair_entry_orc_guard_hut, dk_vineyard_3
D:11:     lemuel_bear_cage, layout_loops_ring, special_room
          [special_room_kobold], portal_ice_cave_entry_pillars_1, uniq_snorg
D:12:     layout_small_grid, minmay_misc_feat_doors
D:13:     layout_cross, skrybe_vaults_entry_preservation
D:14:     layout_gridville, elyvilon_altar_1
D:15:     grunt_enter_depths_magical_seal, layout_small_grid,
          hangedman_decor_push
Temple:   nicolae_temple_superstar
Lair:1:   layout_regular_city, grunt_forest_small_clearings, st_stairs_3,
          infiniplex_staircase_pool_2, lemuel_fruit_tree, grunt_megastairs_2
Lair:2:   layout_misc_corridors, palyth_hydra_swamp_entry, serial_forest,
          infiniplex_forest_zigzag_1, infiniplex_forest_lined_3_way,
          infiniplex_forest_lined_room_, infiniplex_forest_fountain,
          infiniplex_forest_lined_4_way, infiniplex_forest_clump_curved,
          infiniplex_forest_lined_3_way, infiniplex_forest_clump_diagonal,
          uniq_amaemon
Lair:3:   layout_cave_pods, guppyfry_snake_entry_island
Lair:4:   layout_hall_layers, minmay_slime_entry_oklob_open, basic_altar,
          lemuel_fruit_fields
Lair:5:   hellmonk_lair_end_abyssal_woods, layout_long_grid,
          lemuel_fruit_fields, uniq_josephine, uniq_nessos, uniq_rupert
Swamp:1:  layout_basic_swamp, hangedman_swamp_cone, swamp_pool2,
          nicolae_swamp_tree_designs
Swamp:2:  layout_basic_swamp, serial_swamp_ruin, evilmike_swamp_ruin_house_5,
          evilmike_swamp_ruin_house_6, evilmike_swamp_ruin_rubble_1,
          swamp_pool1, nicolae_swamp_feature_on_the_river_bank, uniq_louise
Swamp:3:  nicolae_swamp_decorative_isthmus, layout_falls_marsh,
          nicolae_swamp_bean_lake, infiniplex_staircase_pool
Swamp:4:  swamp, layout_basic_swamp
Snake:1:  layout_misc_corridors, uniq_aizul
Snake:2:  layout_rooms, basic_altar, minmay_shop_star, grunt_megastairs_4,
          uniq_donald
Snake:3:  nicolae_cobra_stairs, layout_onion, basic_altar, gammafunk_ghost_grave
Snake:4:  johnstein_snake_rune_scales, layout_rooms, nicolae_snake_shapes,
          serial_bayou_shore_b, uniq_agnes
Slime:1:  layout_caves, nicolae_slime_getting_an_eyeful
Slime:2:  layout_caves
Slime:3:  layout_caves, cheibrodos_slime_lost_civilization_5
Slime:4:  layout_caves, dissolution_awaits
Slime:5
Orc:1:    layout_caves
Orc:2:    st_orc_pillars, layout_caves, basic_altar
Elf:1:    nicolae_elf_arrival_fired_up, layout_rooms, minmay_elf_annihilation,
          evilmike_spriggan_trog_shrine
Elf:2:    nicolae_elf_blades_crystal_corner, layout_loops_corners
Elf:3:    minmay_elf_hall_quartered_circle, layout_geoelf_castle, nrook_uturn
Vaults:1: hangedman_vaults_stretched_pinwheel, nicolae_vaults_border_crossing,
          nicolae_vaults_twisting_passages, hangedman_vaults_stretched_pinwheel,
          hangedman_vaults_impose, vaults_mumra_chevron, layout_vaults_omnigrid,
          nicolae_trove_entry_crossroad, uniq_zenata
Vaults:2: vaults_room_semicircle, v_pattern_1, v_rooms_2, vaults_room_corners,
          ontoclasm_vaults_eye, nicolae_vaults_ninety_degrees, vaults_mumra_hex,
          v_misc_17, st_check, vaults_room_pool, v_misc_13,
          layout_vaults_omnibox
Vaults:3: v_misc_10, hangedman_vaults_nails, ontoclasm_vaults_gateway,
          vaults_room_large_hall, minmay_crypt_entry_necro_gods, st_squares,
          vaults_room_grid, hangedman_vaults_cutoff, v_misc_29,
          ontoclasm_vaults_misaligned, vaults_room_pool,
          layout_vaults_omnicross, uniq_boris, uniq_xtahua
Vaults:4: v_misc_11, nicolae_vaults_rhombus_5, nicolae_vaults_hallways_thing,
          v_rooms_5, grunt_vaults_hallway_long,
          nicolae_vaults_diagonal_hallway_7, vaults_mumra_hexcomb, v_misc_12,
          hangedman_vaults_impose, nicolae_vaults_three_branches,
          ontoclasm_vaults_twist, ontoclasm_vaults_decontamination,
          layout_vaults_ring
Vaults:5: serial_shops, uniq_sojobo
Crypt:1:  layout_chaotic_city, mu_enter_wizlab_2
Crypt:2:  minmay_shadows, layout_chaotic_city, grunt_megastairs_3
Crypt:3:  church_of_pain_bobbens, layout_chaotic_city, grunt_ministairs_3
Tomb:1
Depths:1: layout_cave_shapes, serial_shops, shop, pan_entry, hell_entry,
          eino_tiny_chamber, yredelemnul_forgotten_temple_becter,
          grunt_megastairs_1
Depths:2: impenetrable_vault, layout_cave_shapes, enter_ziggurat_b,
          serial_column_ruins, column_ruins_portal_squares,
          column_ruins_hut_water, column_ruins_square_medium,
          column_ruins_open_tiny, column_ruins_open_tiny_water,
          column_ruins_open_small, column_ruins_corridor_straight,
          column_ruins_corridor_water, serial_shops, bzr_entry_lakeside, shop,
          nicolae_shop_competitors_out_of_business, shop, nicolae_stop_n_shop_2,
          pf_hell_entry_tar_spiral, pan_entry, nicolae_elevator_lobby_asterisk,
          serial_bayou_pond_b, uniq_asterion, uniq_saint_roka
Depths:3: grunt_twist_and_shout, layout_twisted_cross, nicolae_ru_awakened_eye,
          abyss_entry_flame_altar, hell_entry, rand_demon_pan_entry_7,
          glass_columns_b, nicolae_take_the_stairs, firewood_loft,
          infiniplex_staircase_door_maze
Depths:4: grunt_crosshair, layout_long_grid, hell_entry, nrook_mini_vaults,
          serial_bayou_shore_a
Hell
Dis:1:    layout_overlapping_boxes, nicolae_dis_big_boring_drill
Dis:2:    layout_regular_city, nicolae_dis_scattering
Geh:1:    layout_gehenna_lava_caves
Geh:2:    layout_gehenna_pools_basic
Geh:3:    layout_gehenna_pools_triple
Coc:1:    layout_cocytus_delve
Tar:1:    layout_cathedral_of_symmetry, nicolae_tar_stay_or_leave
Tar:2:    layout_catacombs, nicolae_tar_spectre_spectrum
Tar:3:    layout_cathedral_of_symmetry
Tar:4:    layout_grid_maze, nicolae_tar_combstack
Tar:5:    layout_honeycomb
Tar:6:    nicolae_tar_checkpoint_tarlie, layout_cathedral_of_symmetry
Zot:1:    layout_gridlike
Zot:2:    layout_gridville
Zot:3:    layout_concentric_octagons
Zot:4:    layout_misc_corridors, ebering_ghost_xom, nicolae_rock_paper_scissors
Zot:5:    layout_cathedral_of_symmetry, nicolae_diode_intersection

Skill      XL: |  1  2  3  4  5  6  7  8  9 10 11 12 13 14 15 16 17 18 19 20 21 22 23 24 25 26 27 |
---------------+----------------------------------------------------------------------------------+-----
Axes           | 3 4 5 7 9 11 12 14 16 17 18 20 21 | 21.8
Fighting       | 3 5 7 9 10 12 14 16 17 19 20 21 22 23 25 26 27 | 27.0
Polearms       | 3 5 7 9 11 12 14 16 17 18 19 20 21 | 21.7
Invocations    | 2 4 6 8 10 11 22 | 22.0
Armour         | 4 7 9 10 12 16 17 19 22 | 22.1
Dodging        | 5 8 10 12 16 17 18 21 | 21.1
Throwing       | 7 12 | 12.5
Hexes          | 10 | 10.2
Air Magic      | 10 | 10.1

Action                     |  1- 3 |  4- 6 |  7- 9 | 10-12 | 13-15 | 16-18 | 19-21 | 22-24 | 25-27 || total
---------------------------+-------+-------+-------+-------+-------+-------+-------+-------+-------++-------
  Melee: War axe           |    98 |    68 |       |       |    10 |       |       |       |       ||   176
         Punch             |       |     2 |     4 |     6 |    13 |    11 |       |       |       ||    36
         Trident           |       |     9 |   280 |   510 |   526 |   313 |       |       |       ||  1638
         Halberd           |       |       |       |       |   636 |  1189 |   739 |   452 |  1144 ||  4160
         Battleaxe         |       |       |       |       |   260 |    13 |     4 |   261 |   372 ||   910
         Glaive            |       |       |       |       |       |       |   784 |  1132 |  1187 ||  3103
         Executioner's axe |       |       |       |       |       |       |       |       |  3162 ||  3162
  Throw: Throwing net      |       |       |       |     4 |     2 |       |       |       |       ||     6
         Boomerang         |       |       |       |       |       |     1 |       |       |     2 ||     3
 Invoke: Heroism           |       |       |       |     6 |    11 |    12 |    12 |    17 |     4 ||    62
         Duel              |       |       |       |       |       |     1 |     1 |     2 |       ||     4
         Finesse           |       |       |       |       |       |       |       |     3 |     3 ||     6
         Greater Servant o |       |       |       |       |       |       |       |       |     3 ||     3
         Lesser Servant of |       |       |       |       |       |       |       |       |     1 ||     1
  Evoke: Wand              |       |       |       |    10 |     7 |     2 |       |     1 |     1 ||    21
         Horn of Geryon    |       |       |       |       |       |       |       |       |     1 ||     1
    Use: Scroll            |       |       |     6 |    14 |    22 |     8 |    11 |     3 |    22 ||    86
         Potion            |       |       |       |       |     4 |     7 |     1 |    15 |    12 ||    39
   Stab: Held in net/web   |       |       |       |     2 |     4 |       |       |       |       ||     6
         Distracted        |       |       |       |       |       |       |     1 |     1 |       ||     2
         Invisible         |       |       |       |       |       |       |       |    24 |    49 ||    73
         Petrifying        |       |       |       |       |       |       |       |       |     1 ||     1
 Armour: Leather armour    |    32 |       |       |       |       |       |       |       |       ||    32
         Ring mail         |       |    33 |    69 |   106 |   181 |   215 |       |       |       ||   604
         Chain mail        |       |       |       |       |    90 |   222 |   168 |       |    99 ||   579
         Plate armour      |       |       |       |       |       |       |   266 |   629 |    22 ||   917
         Gold dragon scale |       |       |       |       |       |       |       |       |  3020 ||  3020
  Dodge: Dodged            |    90 |    54 |   114 |   245 |   644 |   734 |   727 |  1279 |  3857 ||  7744
  Block: Other             |       |       |       |       |   196 |   240 |   192 |   272 |   824 ||  1724
         Reflection        |       |       |       |       |    11 |    15 |    22 |    11 |    12 ||    71

Table legend: (Time is in decaauts)
 A = Elapsed time spent in this place.
 B = Non-inter-level travel time spent in this place.
 C = Inter-level travel time spent in this place.
 D = Time resting spent in this place.
 E = Time spent auto-exploring this place.
 F = Levels seen in this place.
 G = Mean time per level.
                   A        B        C        D        E       F      G
               +--------+--------+--------+--------+--------+-----+--------+
         Total | 104126 |  88871 |  15255 |  24782 |  40138 |  86 | 1210.8 |
       Dungeon |  20936 |  15189 |   5747 |   2783 |   9536 |  15 | 1395.7 |
        Temple |    182 |     76 |    106 |      0 |     52 |   1 |  182.0 |
          Lair |  11122 |   8765 |   2357 |   2789 |   4536 |   5 | 2224.4 |
         Swamp |   5400 |   5069 |    331 |   1438 |   2716 |   4 | 1350.0 |
     Snake Pit |   7696 |   7087 |    609 |   2798 |   2508 |   4 | 1924.0 |
    Slime Pits |   2593 |   2388 |    205 |    445 |    807 |   5 |  518.6 |
  Orcish Mines |   3232 |   2888 |    344 |   1035 |   1199 |   2 | 1616.0 |
   Elven Halls |   7294 |   6713 |    581 |   2742 |   2537 |   3 | 2431.3 |
        Vaults |   8684 |   7028 |   1656 |    853 |   4369 |   5 | 1736.8 |
         Crypt |   5261 |   4937 |    324 |   1955 |   1632 |   3 | 1753.7 |
          Tomb |    715 |    666 |     49 |    168 |     78 |   1 |  715.0 |
        Depths |   7236 |   6118 |   1118 |   2108 |   2066 |   4 | 1809.0 |
          Hell |   2650 |   2171 |    479 |   1030 |    520 |   1 | 2650.0 |
           Dis |    206 |    183 |     23 |      0 |    131 |   2 |  103.0 |
       Gehenna |   2245 |   2136 |    109 |    693 |    841 |   3 |  748.3 |
       Cocytus |      8 |      7 |      1 |      0 |      0 |   1 |    8.0 |
      Tartarus |   3010 |   2674 |    336 |    408 |   1516 |   6 |  501.7 |
           Zot |   9501 |   8630 |    871 |   2974 |   3483 |   5 | 1900.2 |
         Abyss |   4935 |   4935 |      0 |    435 |   1170 |   8 |  616.9 |
        Bazaar |    138 |    138 |      0 |      0 |     95 |   1 |  138.0 |
         Trove |     86 |     86 |      0 |      0 |      0 |   1 |   86.0 |
         Sewer |    391 |    391 |      0 |      0 |    218 |   1 |  391.0 |
        Wizlab |    510 |    510 |      0 |     92 |    124 |   1 |  510.0 |
         Arena |     86 |     86 |      0 |     28 |      0 |   4 |   21.5 |
               +--------+--------+--------+--------+--------+-----+--------+

Top non-repeatable levels by time:
  Lair:5: 4493 daAuts
   Zot:5: 3091 daAuts
   Elf:3: 3020 daAuts
   Elf:2: 2931 daAuts
    D:15: 2833 daAuts
 Crypt:3: 2787 daAuts
    Hell: 2650 daAuts
 Snake:3: 2455 daAuts
Depths:2: 2450 daAuts
Vaults:1: 2318 daAuts
 Snake:4: 2174 daAuts
 Abyss:4: 2143 daAuts
   Zot:3: 2140 daAuts
Vaults:2: 2136 daAuts
    D:11: 2016 daAuts
